 Dungeon Crawl Stone Soup version 0.26.1-11-gd32895ea62 (webtiles) character file.

Game seed: 18343516810961294878

8 ElusiveSam the Shield-Bearer (level 2, -4/16 HPs)
             Began as a Vine Stalker Fighter on Apr 28, 2021.
             Slain by a gnoll
             ... wielding a +0 halberd
              (7 damage)
             ... on level 1 of the Dungeon on Apr 30, 2021.
             The game lasted 00:09:40 (498 turns).

ElusiveSam the Shield-Bearer (Vine Stalker Fighter)  Turns: 498, Time: 00:09:40

Health: -4/16      AC:  6    Str: 18    XL:     2   Next: 8%
Magic:  0/3        EV:  7    Int:  8    God:
Gold:   49         SH:  9    Dex: 13    Spells: 1/1 levels left

rFire    . . .     SeeInvis .   a - +0 long sword
rCold    . . .     Faith    .   c - +0 kite shield
rNeg     . . .     Spirit   +   b - +0 scale mail
rPois    .         Reflect  .   (no helmet)
rElec    .         Harm     .   (no cloak)
rCorr    .         Rampage  .   (no gloves)
Will     .....                  (no boots)
Stlth    ..........             (no amulet)
HPRegen  0.05/turn              (no ring)
MPRegen  0.08/turn              (no ring)

@: no status effects
A: fangs 2, magic shield, antimagic bite, no potion heal 3
a: no special abilities


You were on level 1 of the Dungeon.
You visited 1 branch of the dungeon, and saw 1 of its levels.

You collected 49 gold pieces.

Inventory:

Hand Weapons
 a - a +0 long sword (weapon)
 h - a +0 dagger
Missiles
 f - 19 arrows
Armour
 b - a +0 scale mail (worn)
 c - a +0 kite shield (worn)
 g - a +0 ring mail
Jewellery
 e - a cursed -4 ring of dexterity {unknown}
Scrolls
 i - a scroll of enchant weapon {unknown}
Potions
 d - a potion of might


   Skills:
 + Level 2.7 Fighting
 + Level 1.8 Long Blades
 + Level 2.6 Armour
 + Level 3.0 Shields


You had one spell level left.
You didn't know any spells.
Your spell library was empty.

Dungeon Overview and Level Annotations

Branches:
Dungeon (1/15)

Altars:


Innate Abilities, Weirdness & Mutations

You have extremely sharp teeth.
When hurt, damage is shared between your health and your magic reserves.
Your bite disrupts and absorbs the magic of your enemies.
Potions cannot restore your health.


Message History

The hobgoblin hits you but does no damage.
You hit the hobgoblin.
The hobgoblin is heavily wounded.
The gnoll closely misses you.
The hobgoblin hits you with a cursed +0 club.
You block the gnoll's attack.
The hobgoblin hits you with a cursed +0 club.
* * * LOW HITPOINT WARNING * * *
Your shield prevents you from hitting the hobgoblin.
You bite the hobgoblin. You drain its power.
You feel invigorated.
The hobgoblin is severely wounded.
The hobgoblin hits you but does no damage.
The gnoll hits you from afar with a +0 halberd.
* * * LOW HITPOINT WARNING * * *
You hit the hobgoblin but do no damage.
The hobgoblin is heavily wounded.
The hobgoblin closely misses you.
You riposte.
You hit the hobgoblin.
You kill the hobgoblin!
The gnoll hits you from afar with a +0 halberd!
You die...

## #.###. .. #.###. #.
#.#... #. #.#... #. #.....
#. ##.... #.##############
#.#..
#.†.##g).#.....######.###
#.....#....#@..###........#
...#.#.##########
#.#####..### . .. ..
##.###.#.... ..# #.. ##
##.#.#####. . #.. ..# ##.##
#.. ... #.###.#.###.#. ##.
#.#.#.#.#.##. #.#.<.#.# #.
#.#.#.#.#.##.


You could see a gnoll.

Vanquished Creatures
  A dart slug (D:1)
  A ball python (D:1)
  2 hobgoblins (D:1)
  A bat (D:1)
  A goblin (D:1)
  A kobold (D:1)
  A rat (D:1)
8 creatures vanquished.

Notes
Turn   | Place    | Note
-------+----------+-------------------------------------------
     0 | D:1      | ElusiveSam the Vine Stalker Fighter began the quest for the
                  | Orb.
     0 | D:1      | Reached XP level 1. HP: 11/11 MP: 2/2
   238 | D:1      | s
   247 | D:1      | Reached skill level 3 in Shields
   287 | D:1      | Reached XP level 2. HP: 8/16 MP: 3/3
   498 | D:1      | Slain by a gnoll

Illustrated notes

##.## ##.#.# ##.###.# #.#####..
#........# . #.######## .## #.#
###### #######. .)# #.# #....#
#.....#. #.# #.#
#.@..#######.......
#.########'###....#..(........#
#.##.........#....#...........#
#w##.........#....#...........#
##..#.......................#....
#...................≈≈≈≈≈...#####
#...w######.......≈≈≈≈≈≈≈≈≈..##
.....######......#≈≈≈≈≈≈≈≈≈#.(###
#........##......##≈≈≈≈≈####....#


Turn 238 on D:1: s

Levels and vault maps discovered:
D:1:      minmay_arrival_diagonal_passages, layout_basic, grunt_decor_junction

Skill      XL: |  1 |
---------------+----+-----
Shields        | 3 |  3.0
Fighting       | |  2.7
Long Blades    | |  1.8
Armour         | |  2.6

Action                   || total
-------------------------++-------
Melee: Long sword        ||    28
       Bite              ||     6
  Use: Scroll            ||     1
Armor: Scale mail        ||     9
Dodge: Dodged            ||    11
Block: Kite shield       ||    16
       Rpst.: Long sword ||     3
